AoeStats
← METALGOD

MegaRandom

509455199Analyzed
2v2 RM · 5d ago on Sep 26, 2026· 81m 23s· 4 players
Game mode
Random Map
Map size
Medium (4 player)
Population
200
Speed
Normal
Resources
Standard
Victory
Conquest
Starting age
Dark Age
Ending age
Imperial Age
RankedLock teamsTeams togetherTeam positionsShared explorationLock speedFull tech treeHidden civsTurbo modeCheats
Victory
Defeat
🇨🇱 Khmer · Chile
518
+17
🇧🇷 Khmer · Brazil
433
+19
🇺🇸 Khmer · United States
527
-18
🇺🇸 Teutons · United States
526
-18
Quest8014
15:31 Feudal Age
16:10 Horse Collar
16:21 Double-Bit Axe
16:13 Man-at-Arms
18:06 Forging
18:24 Scale Mail Armor
18:41 Arson
29:58 Castle Age
30:39 Crossbowman
32:51 Wheelbarrow
32:52 Bow Saw
32:44 Heavy Plow
35:44 Caravan
37:02 Stone Mining
38:40 Chain Mail Armor
38:16 Fletching
39:51 Hand Cart
44:24 Iron Casting
43:55 Scale Barding Armor
45:10 Long Swordsman
46:08 Pikeman
49:42 Pikeman
51:03 Pikeman
METALGOD
14:05 Feudal Age
14:53 Double-Bit Axe
14:52 Horse Collar
25:27 Castle Age
23:26 Stone Mining
23:29 Man-at-Arms
24:23 Scale Mail Armor
25:10 Forging
30:23 Heavy Plow
31:05 Wheelbarrow
32:43 Gambesons
33:39 Iron Casting
33:58 Arson
35:57 Long Swordsman
41:03 Chain Mail Armor
47:25 Gold Mining
49:05 Pikeman
50:54 Bow Saw
56:34 Imperial Age
58:12 Hand Cart
59:15 Chemistry
67:05 Blast Furnace
Bryaanrr
0:53 Loom
15:29 Feudal Age
15:51 Fishing Lines
19:46 Castle Age
18:40 Double-Bit Axe
19:11 Town Watch
20:02 Wheelbarrow
20:16 Man-at-Arms
24:46 Long Swordsman
28:47 Hand Cart
29:21 Husbandry
29:17 Gold Mining
31:42 Horse Collar
34:13 Bow Saw
34:22 Bloodlines
34:53 Pikeman
35:40 Gillnets
35:11 Demolition Ship
36:47 Town Patrol
38:16 Forging
38:06 Scale Mail Armor
38:13 Scale Barding Armor
38:56 Padded Archer Armor
41:03 Chain Mail Armor
41:23 Iron Casting
41:09 Chain Barding Armor
44:51 Leather Archer Armor
44:26 Fletching
47:29 Bodkin Arrow
49:30 Arson
53:15 Medium Warships
59:05 Heavy Plow
67:29 Imperial Age
68:47 Conscription
68:31 Cavalier
69:02 Two-Handed Swordsman
72:41 Blast Furnace
72:30 Ring Archer Armor
80:26 Capped Ram
82:05 Crop Rotation
Wendell, O Malakoi
1:58 Loom
14:59 Feudal Age
18:17 Castle Age
16:26 Double-Bit Axe
17:11 Horse Collar
17:26 Fishing Lines
18:13 Gold Mining
23:23 Imperial Age
23:27 Wheelbarrow
22:38 Town Watch
25:18 Cavalier
25:59 Demolition Ship
26:50 Medium Warships
26:30 Gillnets
26:50 Stone Mining
27:30 Parthian Tactics
32:21 Heavy Warships
33:28 Hand Cart
35:25 Husbandry
35:36 Bloodlines
34:47 Light Cavalry
37:28 Heated Shot
37:42 Scale Mail Armor
39:28 Elite Skirmisher
39:28 Crossbowman
44:28 Town Patrol
44:31 Heavy Plow
46:18 Masonry
47:46 Hussar
47:50 Pikeman
47:51 Man-at-Arms
48:44 Forging
48:50 Chain Mail Armor
48:40 Scale Barding Armor
50:48 Long Swordsman
55:17 Crop Rotation
57:42 Padded Archer Armor
57:33 Fletching
58:19 Iron Casting
58:18 Architecture
57:59 Fortified Wall
57:45 Murder Holes
57:56 Siege Engineers
57:42 Guard Tower
58:36 Two-Handed Swordsman
63:15 Blast Furnace
62:10 Bodkin Arrow
62:31 Leather Archer Armor
62:36 Chain Barding Armor
62:39 Ballistics
63:19 Chemistry
62:55 Keep
62:32 Clinker Construction
62:27 Siphons
62:54 Capped Ram
68:12 Plate Barding Armor
68:07 Ring Archer Armor
67:38 Bracer
68:07 Carvel Hull
67:57 Careening
67:11 Elite Battle Elephant
74:04 Gold Shaft Mining
74:04 Stone Shaft Mining
78:12 Redemption
78:03 Devotion
78:13 Fervor
78:24 Sanctity
78:39 Theocracy
78:00 Herbal Medicine
Connection lost

Rejoining the realm…

Still unreachable

The connection could not be restored.

Session expired

The server has moved on; the page needs a fresh start.